 Dungeon Crawl Stone Soup version 0.19.5 (webtiles) character file.

200 vatarom the Zephyrmancer (level 5, -2/28 HPs)
             Began as a Tengu Air Elementalist on Mar 8, 2017.
             Killed from afar by Scuka's ghost (6 damage)
             ... with a magic dart
             ... on level 3 of the Dungeon.
             The game lasted 00:06:47 (2823 turns).

vatarom the Zephyrmancer (Tengu Air Elementalist)   Turns: 2823, Time: 00:06:48

Health: -2/28      AC:  2    Str:  8    XL:     5   Next: 79%
Magic:  0/9        EV: 13    Int: 16    God:
Gold:   133        SH:  0    Dex: 15    Spells: 4 memorised, 0 levels left

rFire  . . .     SeeInvis .     e - +0 mace
rCold  . . .     Gourm    .     a - +0 robe
rNeg   . . .     Faith    .     (no shield)
rPois  +         Spirit   .     (helmet restricted)
rElec  .         Reflect  .     (no cloak)
rCorr  .         Harm     .     (no gloves)
MR     .....                    (boots unavailable)
Stlth  ++........               (no amulet)
                                (no ring)
                                g - ring of poison resistance

@: very slightly contaminated, hasted, very quick
A: beak, talons 3, able to fly 1
a: Fly


You were on level 3 of the Dungeon.
You were not hungry.

You visited 1 branch of the dungeon, and saw 3 of its levels.

You collected 133 gold pieces.

Inventory:

Hand Weapons
 e - a +0 mace (weapon)
Missiles
 d - 2 javelins of penetration (quivered)
Armour
 a - a +0 robe (worn)
Jewellery
 g - a ring of poison resistance (left hand)
Scrolls
 h - a scroll of magic mapping
Books
 b - a book of Air

   Spells                             Type                      Level
   a - Shock                          Conjuration/Air              1
   b - Swiftness                      Charms/Air                   2
   c - Repel Missiles                 Charms/Air                   2
   d - Static Discharge               Conjuration/Air              3
   e - Lightning Bolt                 Conjuration/Air              5
Comestibles
 c - 3 bread rations
 f - a chunk of flesh


   Skills:
 - Level 2.1 Dodging
 - Level 2.0 Stealth
 - Level 2.0 Spellcasting
 - Level 1.3 Conjurations
 + Level 8.3 Air Magic


You couldn't memorise any spells.
You knew the following spells:

 Your Spells              Type           Power        Failure   Level  Hunger
a - Shock                 Conj/Air       ###.         3%          1    #......
b - Repel Missiles        Chrm/Air       ##....       8%          2    ###....
c - Swiftness             Chrm/Air       ##......     8%          2    ###....
d - Static Discharge      Conj/Air       ###.....     12%         3    ###....


Dungeon Overview and Level Annotations

Branches:
Dungeon (3/15)

Altars:
The Shining One

Annotations:
D:3 Scuka's ghost, novice DECj


Innate Abilities, Weirdness & Mutations

You have a beak for a mouth.
You have claws for feet.
You can fly.


Message History

Scuka's ghost is severely damaged.
The zap hits Scuka's ghost.
Scuka's ghost is almost destroyed.
Scuka's ghost gestures at you while chanting.
The magic dart hits you!
* * * LOW HITPOINT WARNING * * *
Some of the chunks of flesh in your inventory have rotted away.
You feel yourself speed up. Scuka's ghost stares at you.
Scuka's ghost misses you.
You miss Scuka's ghost. Your kick misses Scuka's ghost.
Scuka's ghost is almost destroyed.
Scuka's ghost hits you.
* * * LOW HITPOINT WARNING * * *
You barely miss Scuka's ghost. You claw Scuka's ghost.
Your peck misses Scuka's ghost.
Scuka's ghost is almost destroyed.
Scuka's ghost casts a spell at you. The magic dart hits you!
You die...

# #
..##.#####.#
...........#
#..W@..#
.(...........#
....#.....####
... ####### .


You could see Scuka's ghost.

Vanquished Creatures
  Jessica (D:2)
  Ijyb (D:2)
  Robin (D:2)
  3 gnolls (D:2)
  4 adders (D:2)
  3 dart slugs
  A ball python (D:1)
  2 giant cockroaches
  9 goblins
  12 hobgoblins
  4 jackals (D:1)
  8 bats
  3 frilled lizards
  8 kobolds
  8 rats
68 creatures vanquished.

Notes
Turn   | Place    | Note
-------+----------+-------------------------------------------
     0 | D:1      | vatarom the Tengu Air Elementalist began the quest for the Orb.
     0 | D:1      | Reached XP level 1. HP: 10/10 MP: 4/4
   110 | D:1      | Reached XP level 2. HP: 4/15 MP: 1/6
   363 | D:1      | Learned a level 2 spell: Repel Missiles
   366 | D:1      | Learned a level 2 spell: Swiftness
   398 | D:1      | Reached skill level 5 in Air Magic
   645 | D:1      | Reached XP level 3. HP: 13/19 MP: 1/7
  1323 | D:1      | Reached skill level 6 in Air Magic
  1540 | D:2      | Reached XP level 4. HP: 11/24 MP: 0/8
  1791 | D:2      | Reached skill level 7 in Air Magic
  2080 | D:2      | Noticed Jessica
  2081 | D:2      | Noticed Robin
  2085 | D:2      | Killed Jessica
  2085 | D:2      | Gained mutation: You can fly. [Tengu growth]
  2085 | D:2      | Reached XP level 5. HP: 26/28 MP: 4/9
  2089 | D:2      | Killed Robin
  2258 | D:2      | Learned a level 3 spell: Static Discharge
  2368 | D:2      | Found a glowing golden altar of the Shining One.
  2539 | D:2      | Reached skill level 8 in Air Magic
  2589 | D:2      | Noticed Ijyb
  2595 | D:2      | Killed Ijyb
  2809 | D:3      | Noticed Scuka's ghost (novice DECj)
  2823 | D:3      | Killed from afar by Scuka's ghost

Skill      XL: |  1  2  3  4  5 |
---------------+----------------+-----
Air Magic      | 5 6 7 8 |  8.3
Dodging        | |  2.1
Stealth        | |  2.0
Spellcasting   | |  2.0
Conjurations   | |  1.3

Action                   |  1- 3 |  4- 6 || total
-------------------------+-------+-------++-------
Melee: Unarmed           |    17 |       ||    17
       Kick              |     5 |     3 ||     8
       Peck              |     2 |     2 ||     4
       Mace              |    24 |    28 ||    52
Throw: Javelin           |       |     3 ||     3
 Cast: Shock             |    48 |    50 ||    98
  Use: Scroll            |     3 |     1 ||     4
       Potion            |       |     2 ||     2
 Stab: Sleeping          |     1 |       ||     1
  Eat: Chunk             |     3 |     1 ||     4
       Meat ration       |       |     1 ||     1
Armor: Robe              |     9 |     9 ||    18
Dodge: Dodged            |    31 |    28 ||    59
